Tampa Bay Lightning vs Colorado Rockies

Created - Wednesday, January 14, 2026 at 12:34

Goals
1 2 3 T
Tampa Bay Lightning 1 1 1 3
Colorado Rockies 0 0 0 0
Shots
1 2 3 T
Tampa Bay Lightning 12 16 9 37
Colorado Rockies 12 8 13 33

1st period

1. Tampa Bay Lightning , Roope Hintz 1 (Kirill Kaprizov 1, Travis Konecny 1) at 16:00 (PP)

Penalties :
Vince Dunn (COL) for Slashing (Minor) at 15:49, Darren Raddysh (COL) for High sticking (Double Minor) at 18:02

2nd period

2. Tampa Bay Lightning , Kirill Kaprizov 1 (Ben Chiarot 1, Claude Giroux 1) at 3:56

Penalties :
Darnell Nurse (TBL) for High sticking (Minor) at 10:26

3rd period

3. Tampa Bay Lightning , Travis Konecny 1 (Ben Chiarot 2, Roope Hintz 1) at 16:00 (PP)

Penalties :
Michael Bunting (COL) for Tripping (Minor) at 5:34, Philipp Kurashev (COL) for Hooking (Minor) at 13:17, Elias Pettersson (COL) for Interference (Minor) at 15:46

Goalie Stats

Darcy Kuemper (TBL), 33 saves from 33 shots - (1.000), W, 1-0-0, 60:00 minutes
Daniil Tarasov (COL), 34 saves from 37 shots - (0.919), L, 0-1-0, 60:00 minutes

Players Stats for Tampa Bay Lightning

Player Name              G  A  P  +/- PIM S  H  SB GA TA FO     MP     PP MP  PK MP  
------------------------------------------------------------------------------------
Anze Kopitar             0  0  0   0  0   1  0  0  0  2  6/16   17:46   4:04   0:57 
Ben Chiarot              0  2  2   1  0   0  1  1  0  2  0/0    22:51   3:51   0:45 
Claude Giroux            0  1  1   1  0   0  0  0  0  0  1/2    18:17   4:04   1:00 
Darnell Nurse            0  0  0   0  2   1  3  6  0  1  0/0    23:30   3:51   0:00 
Dylan Cozens             0  0  0   0  0   1  1  0  0  0  0/0    13:15   0:00   0:00 
Filip Forsberg           0  0  0   0  0   2  1  0  2  0  1/2    17:13   4:04   0:00 
Hampus Lindholm          0  0  0   0  0   1  1  2  1  1  0/0    13:14   0:00   0:44 
Jamie Benn               0  0  0   1  0   1  2  0  0  0  4/9    14:09   0:00   0:57 
Jason Dickinson          0  0  0   0  0   1  1  0  0  1  4/4    10:24   0:00   0:02 
Jonathan Huberdeau       0  0  0   0  0   4  0  0  0  0  0/2    12:51   0:00   0:00 
Justin Brazeau           0  0  0   0  0   4  0  0  1  0  0/1     9:46   0:00   0:00 
Kirill Kaprizov          1  1  2   1  0   7  1  0  1  1  2/3    18:13   4:18   0:02 
Michael Matheson         0  0  0   0  0   3  2  4  0  1  0/0    24:50   4:31   1:14 
Moritz Seider            0  0  0   1  0   1  0  1  0  0  0/0    23:25   4:31   0:44 
Roope Hintz              1  1  2   0  0   4  2  1  1  0  5/15   17:31   4:18   0:00 
Travis Konecny           1  1  2   0  0   4  1  0  0  1  0/1    17:14   4:18   0:00 
Trevor Moore             0  0  0   0  0   2  1  0  1  0  0/0    10:46   0:00   1:00 
Vincent Desharnais       0  0  0   0  0   0  2  0  0  1  0/0    12:45   0:00   0:31 

Players Stats for Colorado Rockies

Player Name              G  A  P  +/- PIM S  H  SB GA TA FO     MP     PP MP  PK MP  
------------------------------------------------------------------------------------
Andrew Peeke             0  0  0   0  0   1  0  1  0  1  0/0    20:16   0:00   3:46 
Cam Fowler               0  0  0  -1  0   1  0  1  0  1  0/0    22:30   1:21   5:08 
Casey Cizikas            0  0  0  -1  0   0  0  0  0  0  12/18  16:33   0:00   4:05 
Danton Heinen            0  0  0  -1  0   3  2  0  0  0  0/0    12:24   0:00   0:00 
Darren Raddysh           0  0  0  -1  4   1  2  0  2  1  0/0    19:38   1:21   2:04 
David Pastrnak           0  0  0   0  0   2  1  0  0  0  0/1    13:04   1:01   0:00 
Elias Pettersson         0  0  0   0  2   4  1  0  1  0  6/8    16:57   0:55   3:55 
Jesper Bratt             0  0  0   0  0   1  2  0  0  0  0/0    16:56   0:55   4:08 
Kevin Hayes              0  0  0   0  0   1  2  1  0  2  6/11   13:07   0:00   0:28 
Kyle Connor              0  0  0   0  0   8  0  1  0  0  0/1    13:29   1:01   0:00 
Martin Fehervary         0  0  0   0  0   0  4  1  0  1  0/0    21:31   0:38   4:36 
Michael Bunting          0  0  0   0  2   2  0  1  1  1  0/1    12:42   0:03   0:00 
Nick Schmaltz            0  0  0   0  0   1  2  1  2  0  0/1    13:25   0:55   0:00 
Pavel Dorofeyev          0  0  0   0  0   1  2  0  0  0  0/0    12:46   0:03   0:00 
Philipp Kurashev         0  0  0  -1  2   0  0  0  3  0  1/1    12:23   0:00   0:00 
Quinn Hughes             0  0  0   0  0   2  0  2  1  0  0/0    18:41   0:38   1:10 
Tim Stutzle              0  0  0   0  0   5  0  0  1  0  7/13   17:45   1:04   4:08 
Vince Dunn               0  0  0   0  2   0  2  0  0  0  0/0    17:26   0:00   0:00 

3 Stars

1 - Darcy Kuemper (TBL)
2 - Kirill Kaprizov (TBL)
3 - Roope Hintz (TBL)

Power Play

Tampa Bay Lightning - 2 on 6 Attempt(s) - 33.33%
Colorado Rockies - 0 on 1 Attempt(s) - 0.00%

Penalty Kill

Tampa Bay Lightning - 1 on 1 Attempt(s) - 100.00% - Score 0 goal in Penalty Kill
Colorado Rockies - 4 on 6 Attempt(s) - 66.67% - Score 0 goal in Penalty Kill

Team Stat

Tampa Bay Lightning - Hits : 19 - Faceoff Wins : 23 - Blocked Shots : 15 - Penalty Minutes : 2
Colorado Rockies - Hits : 20 - Faceoff Wins : 32 - Blocked Shots : 9 - Penalty Minutes : 12

Official

Referees : Corey Syvret and Brandon Blandina
Linesman : Unknown

Game Notes

No Game Note

Finance

Level 1 -- Attendance: 5322 (88.70%) -- Ticket Income $478,980
Level 2 -- Attendance: 4908 (98.16%) -- Ticket Income $269,940
Level 3 -- Attendance: 2758 (91.93%) -- Ticket Income $96,530
Level 4 -- Attendance: 3859 (77.18%) -- Ticket Income $96,475
Luxury Box -- Attendance: 1000 (100.00%) -- Ticket Income $175,000
Game was played at the Pepsi Center.
Total Attendance: 17847 (89.24%)
Total Ticket Income: $1,116,925
Other Income: $390,924
Total Income: $1,507,849

Tampa Bay Lightning

5 vs 5 Forward 
   Center                   Left Wing                Right Wing               Time % Phy DF OF 
 1 Roope Hintz              Filip Forsberg           Dylan Cozens             30     1   2  2  
 2 Anze Kopitar             Jonathan Huberdeau       Travis Konecny           30     1   2  2  
 3 Jamie Benn               Kirill Kaprizov          Claude Giroux            30     1   2  2  
 4 Jason Dickinson          Trevor Moore             Justin Brazeau           10     1   2  2  

5 vs 5 Defense 
   Defense                  Defense                                           Time % Phy DF OF 
 1 Michael Matheson         Darnell Nurse                                     40     1   2  2  
 2 Moritz Seider            Ben Chiarot                                       40     1   2  2  
 3 Hampus Lindholm          Vincent Desharnais                                20     1   2  2  
 4 Moritz Seider            Michael Matheson                                  0      1   2  2  

PowerPlay Forward 
   Center                   Left Wing                Right Wing               Time % Phy DF OF 
 1 Roope Hintz              Kirill Kaprizov          Travis Konecny           50     1   2  2  
 2 Anze Kopitar             Filip Forsberg           Claude Giroux            50     1   2  2  

PowerPlay Defense
   Defense                  Defense                                           Time % Phy DF OF 
 1 Moritz Seider            Michael Matheson                                  50     1   2  2  
 2 Darnell Nurse            Ben Chiarot                                       50     1   2  2  

Penalty Kill 4 Players Forward 
   Center                   Wing                     Time % Phy DF OF 
 1 Anze Kopitar             Jamie Benn               50     1   2  2  
 2 Claude Giroux            Trevor Moore             50     1   2  2  

Penalty Kill 4 Players Defense
   Defense                  Defense                  Time % Phy DF OF 
 1 Moritz Seider            Michael Matheson         50     1   2  2  
 2 Darnell Nurse            Ben Chiarot              50     1   2  2  

Penalty Kill - 3 Players Forward 
   Forward                                           Time % Phy DF OF 
 1 Claude Giroux                                     50     1   2  2  
 2 Jason Dickinson                                   50     1   2  2  

Penalty Kill - 3 Players Defense
   Defense                  Defense                  Time % Phy DF OF 
 1 Moritz Seider            Michael Matheson         50     1   2  2  
 2 Darnell Nurse            Ben Chiarot              50     1   2  2  

4 vs 4 Forward 
   Center                   Wing                     Time % Phy DF OF 
 1 Anze Kopitar             Claude Giroux            50     1   2  2  
 2 Roope Hintz              Filip Forsberg           50     1   2  2  

4 vs 4 Defense
   Defense                  Defense                  Time % Phy DF OF 
 1 Moritz Seider            Michael Matheson         50     1   2  2  
 2 Darnell Nurse            Ben Chiarot              50     1   2  2  

Last Minutes Offensive
   Center                   Left Wing                Right Wing               Defense                  Defense                  
   Roope Hintz              Filip Forsberg           Claude Giroux            Moritz Seider            Michael Matheson         

Last Minutes Defensive
   Center                   Left Wing                Right Wing               Defense                  Defense                  
   Claude Giroux            Trevor Moore             Jason Dickinson          Moritz Seider            Michael Matheson         

Goaltenders
Starting : Darcy Kuemper            
Backup : Jeremy Swayman           

Extra Forwards
Normal : Justin Brazeau, Kirill Kaprizov, Jonathan Huberdeau - PP : Jonathan Huberdeau, Dylan Cozens - PK : Jason Dickinson
Extra Defensemen
Normal : Michael Matheson, Moritz Seider, Hampus Lindholm - PP : Hampus Lindholm - PK : Vincent Desharnais, Hampus Lindholm
Penalty Shots
Trevor Moore, Anze Kopitar, Filip Forsberg, Jamie Benn, Jonathan Huberdeau

Scratches
None

Colorado Rockies

5 vs 5 Forward 
   Center                   Left Wing                Right Wing               Time % Phy DF OF 
 1 Tim Stutzle              Kyle Connor              Pavel Dorofeyev          25     0   1  4  
 2 Elias Pettersson         Jesper Bratt             David Pastrnak           25     0   2  3  
 3 Kevin Hayes              Nick Schmaltz            Michael Bunting          25     1   3  1  
 4 Casey Cizikas            Danton Heinen            Philipp Kurashev         25     1   3  1  

5 vs 5 Defense 
   Defense                  Defense                                           Time % Phy DF OF 
 1 Martin Fehervary         Quinn Hughes                                      33     1   2  2  
 2 Cam Fowler               Darren Raddysh                                    33     1   2  2  
 3 Vince Dunn               Andrew Peeke                                      33     1   2  2  
 4 Martin Fehervary         Quinn Hughes                                      1      1   2  2  

PowerPlay Forward 
   Center                   Left Wing                Right Wing               Time % Phy DF OF 
 1 Tim Stutzle              Kyle Connor              David Pastrnak           50     1   2  2  
 2 Elias Pettersson         Jesper Bratt             Nick Schmaltz            50     1   2  2  

PowerPlay Defense
   Defense                  Defense                                           Time % Phy DF OF 
 1 Martin Fehervary         Quinn Hughes                                      50     1   2  2  
 2 Cam Fowler               Darren Raddysh                                    50     1   2  2  

Penalty Kill 4 Players Forward 
   Center                   Wing                     Time % Phy DF OF 
 1 Tim Stutzle              Jesper Bratt             50     1   2  2  
 2 Casey Cizikas            Elias Pettersson         50     1   2  2  

Penalty Kill 4 Players Defense
   Defense                  Defense                  Time % Phy DF OF 
 1 Martin Fehervary         Darren Raddysh           50     1   2  2  
 2 Cam Fowler               Andrew Peeke             50     1   2  2  

Penalty Kill - 3 Players Forward 
   Forward                                           Time % Phy DF OF 
 1 Tim Stutzle                                       50     1   2  2  
 2 Casey Cizikas                                     50     1   2  2  

Penalty Kill - 3 Players Defense
   Defense                  Defense                  Time % Phy DF OF 
 1 Martin Fehervary         Darren Raddysh           50     1   2  2  
 2 Cam Fowler               Andrew Peeke             50     1   2  2  

4 vs 4 Forward 
   Center                   Wing                     Time % Phy DF OF 
 1 Tim Stutzle              David Pastrnak           50     1   2  2  
 2 Elias Pettersson         Kyle Connor              50     1   2  2  

4 vs 4 Defense
   Defense                  Defense                  Time % Phy DF OF 
 1 Martin Fehervary         Quinn Hughes             50     1   2  2  
 2 Cam Fowler               Andrew Peeke             50     1   2  2  

Last Minutes Offensive
   Center                   Left Wing                Right Wing               Defense                  Defense                  
   Tim Stutzle              Kyle Connor              David Pastrnak           Martin Fehervary         Darren Raddysh           

Last Minutes Defensive
   Center                   Left Wing                Right Wing               Defense                  Defense                  
   Tim Stutzle              Kyle Connor              David Pastrnak           Martin Fehervary         Darren Raddysh           

Goaltenders
Starting : Daniil Tarasov           
Backup : Joey Daccord             

Extra Forwards
Normal : Pavel Dorofeyev, Michael Bunting, Kevin Hayes - PP : Pavel Dorofeyev, Michael Bunting - PK : Kevin Hayes
Extra Defensemen
Normal : Vince Dunn, Darren Raddysh, Cam Fowler - PP : Vince Dunn - PK : Darren Raddysh, Cam Fowler
Penalty Shots
Tim Stutzle, David Pastrnak, Kyle Connor, Elias Pettersson, Jesper Bratt

Scratches
None


% Time on Ice - Tampa Bay Lightning

Lines # - Real PCT - Wanted PCT - Time Play
Normal Forward
1 - 27% - 30% - 13:13
2 - 27% - 30% - 13:28
3 - 27% - 30% - 13:12
4 - 20% - 10% - 9:46
Normal Defense
1 - 36% - 40% - 17:49
2 - 38% - 40% - 19:06
3 - 22% - 20% - 11:08
4 - 3% - 0% - 1:36
PP Forward
1 - 51% - 50% - 4:18
2 - 49% - 50% - 4:04
PP Defense
1 - 54% - 50% - 4:31
2 - 46% - 50% - 3:51
PK Forward
1 - 48% - 50% - 0:57
2 - 52% - 50% - 1:02
PK Defense
1 - 37% - 50% - 0:44
2 - 63% - 50% - 1:15
PK3 Forward
1 - 0% - 50%
2 - 0% - 50%
PK3 Defense
1 - 0% - 50%
2 - 0% - 50%
44 Forward
1 - 0% - 50%
2 - 0% - 50%
44 Defense
1 - 0% - 50%
2 - 0% - 50%
Last Minute Offensive  - 0:00
Last Minute Defensive  - 0:00
Total
Forward - 60:00
Defense - 60:00

% Time on Ice - Colorado Rockies

Lines # - Real PCT - Wanted PCT - Time Play
Normal Forward
1 - 25% - 25% - 12:33
2 - 25% - 25% - 12:12
3 - 25% - 25% - 12:30
4 - 25% - 25% - 12:24
Normal Defense
1 - 35% - 33% - 17:18
2 - 31% - 33% - 15:19
3 - 34% - 33% - 17:02
4 - 0% - 1% - 0:00
PP Forward
1 - 54% - 50% - 1:04
2 - 46% - 50% - 0:55
PP Defense
1 - 32% - 50% - 0:38
2 - 68% - 50% - 1:21
PK Forward
1 - 49% - 50% - 4:08
2 - 51% - 50% - 4:14
PK Defense
1 - 59% - 50% - 4:54
2 - 41% - 50% - 3:28
PK3 Forward
1 - 0% - 50%
2 - 0% - 50%
PK3 Defense
1 - 0% - 50%
2 - 0% - 50%
44 Forward
1 - 0% - 50%
2 - 0% - 50%
44 Defense
1 - 0% - 50%
2 - 0% - 50%
Last Minute Offensive  - 0:00
Last Minute Defensive  - 0:00
Total
Forward - 60:00
Defense - 60:00

Play-by-Play

1st period


0:01 of 1st period - Roope Hintz wins face-off versus Kyle Connor in neutral zone.
0:08 of 1st period - Slapshot by Roope Hintz.
0:08 of 1st period - Stopped by Daniil Tarasov without a rebound.
0:09 of 1st period - Roope Hintz wins face-off versus Tim Stutzle in Colorado Rockies zone.
0:38 of 1st period - Wrist shot by Kyle Connor.
0:38 of 1st period - Stopped by Darcy Kuemper with a rebound.
0:46 of 1st period - Snap shot by Filip Forsberg.
0:46 of 1st period - Stopped by Daniil Tarasov with a rebound.
0:48 of 1st period - Slapshot by Michael Matheson.
0:48 of 1st period - Stopped by Daniil Tarasov with a rebound.
0:50 of 1st period - Slapshot by Darnell Nurse.
0:50 of 1st period - Shot Blocked by Kyle Connor.
0:52 of 1st period - Slapshot by Michael Matheson.
0:52 of 1st period - Stopped by Daniil Tarasov with a rebound.
0:54 of 1st period - Slapshot by Darnell Nurse.
0:54 of 1st period - Deflect By Filip Forsberg.
0:54 of 1st period - Shot Blocked by Quinn Hughes.
0:54 of 1st period - Puck is out of play.
0:55 of 1st period - Elias Pettersson wins face-off versus Anze Kopitar in Colorado Rockies zone.
1:28 of 1st period - Wrist shot by Michael Bunting.
1:28 of 1st period - Stopped by Darcy Kuemper without a rebound.
1:29 of 1st period - Jamie Benn wins face-off versus Kevin Hayes in Tampa Bay Lightning zone.
2:06 of 1st period - Off-side.
2:07 of 1st period - Casey Cizikas wins face-off versus Anze Kopitar in neutral zone.
2:34 of 1st period - Claude Giroux is hit by Nick Schmaltz and loses puck.
3:36 of 1st period - Andrew Peeke is hit by Vincent Desharnais and loses puck.
3:59 of 1st period - Slapshot by David Pastrnak.
3:59 of 1st period - Shot Misses the Net.
4:01 of 1st period - Snap shot by David Pastrnak.
4:01 of 1st period - Shot Blocked by Hampus Lindholm.
4:03 of 1st period - Slapshot by Andrew Peeke.
4:03 of 1st period - Stopped by Darcy Kuemper without a rebound.
4:04 of 1st period - Jamie Benn wins face-off versus David Pastrnak in Tampa Bay Lightning zone.
4:04 of 1st period - Jamie Benn is hit by Jesper Bratt.
4:57 of 1st period - Slapshot by Kirill Kaprizov.
4:57 of 1st period - Stopped by Daniil Tarasov with a rebound.
4:59 of 1st period - Slapshot by Ben Chiarot.
4:59 of 1st period - Shot Misses the Net.
5:01 of 1st period - Snap shot by Jamie Benn.
5:01 of 1st period - Deflect By Vince Dunn.
5:01 of 1st period - Shot Misses the Net.
5:01 of 1st period - Puck is out of play.
5:02 of 1st period - Casey Cizikas wins face-off versus Anze Kopitar in Colorado Rockies zone.
5:27 of 1st period - Darnell Nurse is hit by Martin Fehervary and loses puck.
5:53 of 1st period - Jason Dickinson is hit by Pavel Dorofeyev and loses puck.
6:22 of 1st period - Quinn Hughes is hit by Vincent Desharnais and loses puck.
6:43 of 1st period - Slapshot by Tim Stutzle.
6:43 of 1st period - Stopped by Darcy Kuemper with a rebound.
7:13 of 1st period - Slapshot by Kirill Kaprizov.
7:13 of 1st period - Stopped by Daniil Tarasov with a rebound.
7:15 of 1st period - Wrist shot by Jamie Benn.
7:15 of 1st period - Stopped by Daniil Tarasov without a rebound.
7:16 of 1st period - Jamie Benn wins face-off versus Kevin Hayes in Colorado Rockies zone.
7:17 of 1st period - Slapshot by Kirill Kaprizov.
7:17 of 1st period - Stopped by Daniil Tarasov with a rebound.
8:06 of 1st period - Snap shot by Anze Kopitar.
8:06 of 1st period - Shot Blocked by Andrew Peeke.
8:18 of 1st period - Slapshot by Tim Stutzle.
8:18 of 1st period - Stopped by Darcy Kuemper with a rebound.
9:26 of 1st period - Icing by Filip Forsberg.
9:27 of 1st period - Tim Stutzle wins face-off versus Roope Hintz in Tampa Bay Lightning zone.
9:30 of 1st period - Snap shot by Tim Stutzle.
9:30 of 1st period - Shot Blocked by Roope Hintz.
9:32 of 1st period - Wrist shot by Tim Stutzle.
9:32 of 1st period - Shot Misses the Net.
9:34 of 1st period - Wrist shot by Kyle Connor.
9:34 of 1st period - Shot Hit the Post.
9:36 of 1st period - Slapshot by Tim Stutzle.
9:36 of 1st period - Stopped by Darcy Kuemper with a rebound.
9:38 of 1st period - Backhand shot by Kyle Connor.
9:38 of 1st period - Stopped by Darcy Kuemper with a rebound.
9:40 of 1st period - Snap shot by Kyle Connor.
9:40 of 1st period - Stopped by Darcy Kuemper with a rebound.
10:05 of 1st period - Off-side.
10:06 of 1st period - Kevin Hayes wins face-off versus Anze Kopitar in neutral zone.
10:13 of 1st period - Snap shot by Michael Bunting.
10:13 of 1st period - Shot Misses the Net.
10:15 of 1st period - Snap shot by Michael Bunting.
10:15 of 1st period - Stopped by Darcy Kuemper with a rebound.
10:17 of 1st period - Slapshot by Andrew Peeke.
10:17 of 1st period - Shot Blocked by Darnell Nurse.
10:21 of 1st period - Slapshot by Nick Schmaltz.
10:21 of 1st period - Stopped by Darcy Kuemper with a rebound.
10:31 of 1st period - Casey Cizikas is hit by Darnell Nurse and loses puck.
11:02 of 1st period - Slapshot by Kyle Connor.
11:02 of 1st period - Stopped by Darcy Kuemper without a rebound.
11:03 of 1st period - Anze Kopitar wins face-off versus Michael Bunting in Tampa Bay Lightning zone.
11:55 of 1st period - Quinn Hughes is hit by Trevor Moore.
13:01 of 1st period - Off-side.
13:02 of 1st period - Elias Pettersson wins face-off versus Filip Forsberg in neutral zone.
13:05 of 1st period - Snap shot by David Pastrnak.
13:05 of 1st period - Shot Misses the Net.
13:28 of 1st period - Dylan Cozens is hit by Vince Dunn and loses puck.
14:04 of 1st period - Slapshot by Elias Pettersson.
14:04 of 1st period - Shot Misses the Net.
14:16 of 1st period - Wrist shot by Elias Pettersson.
14:16 of 1st period - Stopped by Darcy Kuemper with a rebound.
14:18 of 1st period - Slapshot by Vince Dunn.
14:18 of 1st period - Shot Blocked by Darnell Nurse.
14:24 of 1st period - Snap shot by Elias Pettersson.
14:24 of 1st period - Deflect By Jesper Bratt.
14:24 of 1st period - Deflect By Roope Hintz.
14:24 of 1st period - Shot Blocked by Michael Matheson.
14:24 of 1st period - Puck is out of play.
14:25 of 1st period - Kevin Hayes wins face-off versus Jonathan Huberdeau in Tampa Bay Lightning zone.
14:30 of 1st period - Wrist shot by Nick Schmaltz.
14:30 of 1st period - Shot Blocked by Ben Chiarot.
14:57 of 1st period - Ben Chiarot is hit by Kevin Hayes.
15:16 of 1st period - Snap shot by Kirill Kaprizov.
15:16 of 1st period - Stopped by Daniil Tarasov without a rebound.
15:17 of 1st period - Jamie Benn wins face-off versus Tim Stutzle in Colorado Rockies zone.
15:40 of 1st period - Backhand shot by Kyle Connor.
15:40 of 1st period - Shot Misses the Net.
15:49 of 1st period - Minor Penalty to Vince Dunn for Slashing.
15:50 of 1st period - Casey Cizikas wins face-off versus Roope Hintz in Colorado Rockies zone.
16:00 of 1st period - Wrist shot by Roope Hintz.
16:00 of 1st period - Goal by Roope Hintz - Tampa Bay Lightning : 1 - Colorado Rockies : 0.
16:01 of 1st period - Casey Cizikas wins face-off versus Anze Kopitar in neutral zone.
16:14 of 1st period - Wrist shot by Jonathan Huberdeau.
16:14 of 1st period - Stopped by Daniil Tarasov with a rebound.
16:30 of 1st period - Darren Raddysh is hit by Michael Matheson.
16:47 of 1st period - Off-side.
16:48 of 1st period - Kevin Hayes wins face-off versus Roope Hintz in neutral zone.
16:55 of 1st period - Snap shot by Nick Schmaltz.
16:55 of 1st period - Deflect By Moritz Seider.
16:55 of 1st period - Shot Misses the Net.
16:55 of 1st period - Puck is out of play.
16:56 of 1st period - Philipp Kurashev wins face-off versus Anze Kopitar in Tampa Bay Lightning zone.
18:02 of 1st period - Double Minor Penalty to Darren Raddysh for High sticking.
18:03 of 1st period - Filip Forsberg wins face-off versus Casey Cizikas in Colorado Rockies zone.
18:20 of 1st period - Cam Fowler is hit by Filip Forsberg and loses puck.
18:46 of 1st period - Icing by Roope Hintz.
18:47 of 1st period - Tim Stutzle wins face-off versus Roope Hintz in Tampa Bay Lightning zone.
19:10 of 1st period - Wrist shot by Kirill Kaprizov.
19:10 of 1st period - Deflect By Tim Stutzle.
19:10 of 1st period - Shot Misses the Net.
19:10 of 1st period - Puck is out of play.
19:11 of 1st period - Anze Kopitar wins face-off versus Casey Cizikas in Colorado Rockies zone.
19:12 of 1st period - Backhand shot by Claude Giroux.
19:12 of 1st period - Shot Misses the Net.
19:42 of 1st period - Snap shot by Filip Forsberg.
19:42 of 1st period - Stopped by Daniil Tarasov without a rebound.
19:43 of 1st period - Casey Cizikas wins face-off versus Roope Hintz in Colorado Rockies zone.
Goals for this period are 1 for Tampa Bay Lightning vs 0 for Colorado Rockies.
Shots for this period are 12 for Tampa Bay Lightning vs 12 for Colorado Rockies.

2nd period


0:01 of 2nd period - Kirill Kaprizov wins face-off versus Casey Cizikas in neutral zone.
0:04 of 2nd period - Wrist shot by Roope Hintz.
0:04 of 2nd period - Shot Misses the Net.
0:06 of 2nd period - Wrist shot by Roope Hintz.
0:06 of 2nd period - Stopped by Daniil Tarasov with a rebound.
0:08 of 2nd period - Slapshot by Travis Konecny.
0:08 of 2nd period - Deflect By Kirill Kaprizov.
0:08 of 2nd period - Stopped by Daniil Tarasov with a rebound.
2:02 of 2nd period - Penalty to Darren Raddysh is over, Darren Raddysh is back on ice.
2:26 of 2nd period - Icing by Michael Bunting.
2:27 of 2nd period - Tim Stutzle wins face-off versus Anze Kopitar in Colorado Rockies zone.
3:07 of 2nd period - Darnell Nurse is hit by Jesper Bratt and loses puck.
3:23 of 2nd period - Icing by Moritz Seider.
3:24 of 2nd period - Anze Kopitar wins face-off versus Nick Schmaltz in Tampa Bay Lightning zone.
3:41 of 2nd period - Icing by Jamie Benn.
3:42 of 2nd period - Casey Cizikas wins face-off versus Jamie Benn in Tampa Bay Lightning zone.
3:56 of 2nd period - Slapshot by Kirill Kaprizov.
3:56 of 2nd period - Goal by Kirill Kaprizov - Tampa Bay Lightning : 2 - Colorado Rockies : 0.
3:57 of 2nd period - Casey Cizikas wins face-off versus Travis Konecny in neutral zone.
4:13 of 2nd period - Michael Matheson is hit by Danton Heinen and loses puck.
4:29 of 2nd period - Slapshot by Roope Hintz.
4:29 of 2nd period - Shot Misses the Net.
4:55 of 2nd period - Wrist shot by Kyle Connor.
4:55 of 2nd period - Shot Misses the Net.
4:57 of 2nd period - Wrist shot by Tim Stutzle.
4:57 of 2nd period - Deflect By Kyle Connor.
4:57 of 2nd period - Stopped by Darcy Kuemper with a rebound.
5:18 of 2nd period - Snap shot by Elias Pettersson.
5:18 of 2nd period - Stopped by Darcy Kuemper without a rebound.
5:19 of 2nd period - Jason Dickinson wins face-off versus Kevin Hayes in Tampa Bay Lightning zone.
5:19 of 2nd period - Jason Dickinson is hit by Martin Fehervary.
5:31 of 2nd period - Slapshot by Nick Schmaltz.
5:31 of 2nd period - Deflect By Kevin Hayes.
5:31 of 2nd period - Stopped by Darcy Kuemper with a rebound.
6:03 of 2nd period - Slapshot by Nick Schmaltz.
6:03 of 2nd period - Shot Misses the Net.
6:17 of 2nd period - Wrist shot by Justin Brazeau.
6:17 of 2nd period - Deflect By Trevor Moore.
6:17 of 2nd period - Stopped by Daniil Tarasov with a rebound.
6:19 of 2nd period - Slapshot by Michael Matheson.
6:19 of 2nd period - Shot Blocked by Kevin Hayes.
6:23 of 2nd period - Snap shot by Justin Brazeau.
6:23 of 2nd period - Shot Blocked by Quinn Hughes.
6:25 of 2nd period - Snap shot by Darnell Nurse.
6:25 of 2nd period - Shot Misses the Net.
6:27 of 2nd period - Slapshot by Michael Matheson.
6:27 of 2nd period - Shot Blocked by Michael Bunting.
6:29 of 2nd period - Slapshot by Michael Matheson.
6:29 of 2nd period - Stopped by Daniil Tarasov with a rebound.
6:31 of 2nd period - Wrist shot by Jason Dickinson.
6:31 of 2nd period - Deflect By Justin Brazeau.
6:31 of 2nd period - Shot Misses the Net.
6:31 of 2nd period - Puck is out of play.
6:32 of 2nd period - Tim Stutzle wins face-off versus Anze Kopitar in Colorado Rockies zone.
6:59 of 2nd period - Roope Hintz is hit by Elias Pettersson and loses puck.
7:04 of 2nd period - Slapshot by Elias Pettersson.
7:04 of 2nd period - Deflect By David Pastrnak.
7:04 of 2nd period - Stopped by Darcy Kuemper without a rebound.
7:05 of 2nd period - Casey Cizikas wins face-off versus Jamie Benn in Tampa Bay Lightning zone.
7:56 of 2nd period - Kyle Connor is hit by Roope Hintz.
8:08 of 2nd period - Slapshot by Dylan Cozens.
8:08 of 2nd period - Stopped by Daniil Tarasov with a rebound.
8:22 of 2nd period - Snap shot by Justin Brazeau.
8:22 of 2nd period - Stopped by Daniil Tarasov without a rebound.
8:23 of 2nd period - Jason Dickinson wins face-off versus Casey Cizikas in Colorado Rockies zone.
8:26 of 2nd period - Slapshot by Trevor Moore.
8:26 of 2nd period - Stopped by Daniil Tarasov without a rebound.
8:27 of 2nd period - Casey Cizikas wins face-off versus Jonathan Huberdeau in Colorado Rockies zone.
8:38 of 2nd period - Snap shot by Travis Konecny.
8:38 of 2nd period - Stopped by Daniil Tarasov with a rebound.
8:40 of 2nd period - Slapshot by Anze Kopitar.
8:40 of 2nd period - Stopped by Daniil Tarasov without a rebound.
8:41 of 2nd period - Elias Pettersson wins face-off versus Anze Kopitar in Colorado Rockies zone.
9:08 of 2nd period - Casey Cizikas is hit by Jamie Benn and loses puck.
9:57 of 2nd period - Slapshot by Anze Kopitar.
9:57 of 2nd period - Shot Blocked by Nick Schmaltz.
9:59 of 2nd period - Wrist shot by Moritz Seider.
9:59 of 2nd period - Shot Misses the Net.
10:01 of 2nd period - Slapshot by Ben Chiarot.
10:01 of 2nd period - Shot Misses the Net.
10:03 of 2nd period - Wrist shot by Jonathan Huberdeau.
10:03 of 2nd period - Stopped by Daniil Tarasov with a rebound.
10:15 of 2nd period - Slapshot by Quinn Hughes.
10:15 of 2nd period - Stopped by Darcy Kuemper with a rebound.
10:17 of 2nd period - Wrist shot by David Pastrnak.
10:17 of 2nd period - Shot Blocked by Darnell Nurse.
10:19 of 2nd period - Snap shot by David Pastrnak.
10:19 of 2nd period - Stopped by Darcy Kuemper with a rebound.
10:21 of 2nd period - Wrist shot by Jesper Bratt.
10:21 of 2nd period - Shot Blocked by Darnell Nurse.
10:26 of 2nd period - Minor Penalty to Darnell Nurse for High sticking.
10:27 of 2nd period - Anze Kopitar wins face-off versus Tim Stutzle in Tampa Bay Lightning zone.
12:26 of 2nd period - Penalty to Darnell Nurse is over, Darnell Nurse is back on ice.
13:31 of 2nd period - Slapshot by Travis Konecny.
13:31 of 2nd period - Stopped by Daniil Tarasov with a rebound.
13:47 of 2nd period - Danton Heinen is hit by Dylan Cozens and loses puck.
15:18 of 2nd period - Slapshot by Justin Brazeau.
15:18 of 2nd period - Stopped by Daniil Tarasov with a rebound.
15:39 of 2nd period - Filip Forsberg is hit by Darren Raddysh and loses puck.
16:03 of 2nd period - Anze Kopitar is hit by Martin Fehervary and loses puck.
16:14 of 2nd period - Pavel Dorofeyev is hit by Kirill Kaprizov and loses puck.
16:54 of 2nd period - Filip Forsberg is hit by David Pastrnak and loses puck.
17:05 of 2nd period - Claude Giroux is hit by Martin Fehervary and loses puck.
17:37 of 2nd period - Andrew Peeke is hit by Darnell Nurse and loses puck.
17:50 of 2nd period - Snap shot by Jonathan Huberdeau.
17:50 of 2nd period - Stopped by Daniil Tarasov without a rebound.
17:51 of 2nd period - Roope Hintz wins face-off versus Elias Pettersson in Colorado Rockies zone.
17:54 of 2nd period - Wrist shot by Roope Hintz.
17:54 of 2nd period - Shot Misses the Net.
18:06 of 2nd period - Quinn Hughes is hit by Roope Hintz and loses puck.
18:19 of 2nd period - Anze Kopitar is hit by Kevin Hayes and loses puck.
18:28 of 2nd period - Moritz Seider is hit by Darren Raddysh and loses puck.
18:49 of 2nd period - Snap shot by Kirill Kaprizov.
18:49 of 2nd period - Stopped by Daniil Tarasov with a rebound.
18:51 of 2nd period - Wrist shot by Claude Giroux.
18:51 of 2nd period - Shot Misses the Net.
18:53 of 2nd period - Slapshot by Moritz Seider.
18:53 of 2nd period - Stopped by Daniil Tarasov with a rebound.
19:28 of 2nd period - Snap shot by Tim Stutzle.
19:28 of 2nd period - Shot Misses the Net.
19:30 of 2nd period - Snap shot by Kyle Connor.
19:30 of 2nd period - Deflect By Dylan Cozens.
19:30 of 2nd period - Shot Blocked by Darnell Nurse.
19:30 of 2nd period - Puck is out of play.
19:31 of 2nd period - Elias Pettersson wins face-off versus Claude Giroux in Tampa Bay Lightning zone.
19:32 of 2nd period - Snap shot by Jesper Bratt.
19:32 of 2nd period - Stopped by Darcy Kuemper with a rebound.
19:44 of 2nd period - Snap shot by Elias Pettersson.
19:44 of 2nd period - Stopped by Darcy Kuemper without a rebound.
19:45 of 2nd period - Kevin Hayes wins face-off versus Roope Hintz in Tampa Bay Lightning zone.
Goals for this period are 1 for Tampa Bay Lightning vs 0 for Colorado Rockies.
Shots for this period are 16 for Tampa Bay Lightning vs 8 for Colorado Rockies.

3rd period


0:01 of 3rd period - Elias Pettersson wins face-off versus Roope Hintz in neutral zone.
0:04 of 3rd period - Snap shot by Elias Pettersson.
0:04 of 3rd period - Stopped by Darcy Kuemper with a rebound.
0:06 of 3rd period - Snap shot by Jesper Bratt.
0:06 of 3rd period - Shot Misses the Net.
0:08 of 3rd period - Snap shot by David Pastrnak.
0:08 of 3rd period - Deflect By Elias Pettersson.
0:08 of 3rd period - Shot Blocked by Michael Matheson.
0:08 of 3rd period - Puck is out of play.
0:09 of 3rd period - Elias Pettersson wins face-off versus Roope Hintz in Tampa Bay Lightning zone.
0:20 of 3rd period - Wrist shot by Elias Pettersson.
0:20 of 3rd period - Shot Blocked by Michael Matheson.
0:22 of 3rd period - Slapshot by Cam Fowler.
0:22 of 3rd period - Stopped by Darcy Kuemper without a rebound.
0:23 of 3rd period - Casey Cizikas wins face-off versus Anze Kopitar in Tampa Bay Lightning zone.
0:38 of 3rd period - Slapshot by Darren Raddysh.
0:38 of 3rd period - Shot Misses the Net.
1:05 of 3rd period - Snap shot by Danton Heinen.
1:05 of 3rd period - Deflect By Hampus Lindholm.
1:05 of 3rd period - Stopped by Darcy Kuemper with a rebound.
1:07 of 3rd period - Wrist shot by Casey Cizikas.
1:07 of 3rd period - Shot Misses the Net.
1:09 of 3rd period - Wrist shot by Danton Heinen.
1:09 of 3rd period - Stopped by Darcy Kuemper with a rebound.
1:13 of 3rd period - Snap shot by Casey Cizikas.
1:13 of 3rd period - Shot Blocked by Hampus Lindholm.
1:39 of 3rd period - Slapshot by Darren Raddysh.
1:39 of 3rd period - Stopped by Darcy Kuemper without a rebound.
1:40 of 3rd period - Claude Giroux wins face-off versus Tim Stutzle in Tampa Bay Lightning zone.
1:47 of 3rd period - Kyle Connor is hit by Michael Matheson and loses puck.
2:08 of 3rd period - Wrist shot by Travis Konecny.
2:08 of 3rd period - Shot Misses the Net.
2:47 of 3rd period - Claude Giroux is hit by Pavel Dorofeyev and loses puck.
3:34 of 3rd period - Slapshot by Quinn Hughes.
3:34 of 3rd period - Deflect By Nick Schmaltz.
3:34 of 3rd period - Shot Misses the Net.
3:34 of 3rd period - Puck is out of play.
3:35 of 3rd period - Kevin Hayes wins face-off versus Jamie Benn in Tampa Bay Lightning zone.
4:16 of 3rd period - Tim Stutzle is hit by Darnell Nurse and loses puck.
5:25 of 3rd period - Justin Brazeau is hit by Nick Schmaltz and loses puck.
5:34 of 3rd period - Minor Penalty to Michael Bunting for Tripping.
5:35 of 3rd period - Tim Stutzle wins face-off versus Kirill Kaprizov in Colorado Rockies zone.
5:35 of 3rd period - Tim Stutzle is hit by Travis Konecny.
7:34 of 3rd period - Penalty to Michael Bunting is over, Michael Bunting is back on ice.
7:44 of 3rd period - Andrew Peeke is hit by Ben Chiarot.
8:55 of 3rd period - Darren Raddysh is hit by Jamie Benn and loses puck.
9:44 of 3rd period - Jamie Benn is hit by Danton Heinen and loses puck.
10:01 of 3rd period - Kyle Connor is hit by Jason Dickinson.
10:34 of 3rd period - Snap shot by Jesper Bratt.
10:34 of 3rd period - Shot Misses the Net.
10:36 of 3rd period - Slapshot by Quinn Hughes.
10:36 of 3rd period - Deflect By Jason Dickinson.
10:36 of 3rd period - Stopped by Darcy Kuemper without a rebound.
10:37 of 3rd period - Kevin Hayes wins face-off versus Justin Brazeau in Tampa Bay Lightning zone.
10:38 of 3rd period - Wrist shot by Nick Schmaltz.
10:38 of 3rd period - Deflect By Kevin Hayes.
10:38 of 3rd period - Shot Misses the Net.
10:38 of 3rd period - Puck is out of play.
10:39 of 3rd period - Jason Dickinson wins face-off versus Kevin Hayes in Tampa Bay Lightning zone.
11:06 of 3rd period - Slapshot by Michael Matheson.
11:06 of 3rd period - Shot Misses the Net.
11:08 of 3rd period - Slapshot by Michael Matheson.
11:08 of 3rd period - Shot Misses the Net.
11:10 of 3rd period - Wrist shot by Darnell Nurse.
11:10 of 3rd period - Stopped by Daniil Tarasov with a rebound.
12:00 of 3rd period - Wrist shot by Roope Hintz.
12:00 of 3rd period - Shot Misses the Net.
12:18 of 3rd period - Slapshot by Justin Brazeau.
12:18 of 3rd period - Stopped by Daniil Tarasov with a rebound.
12:30 of 3rd period - Andrew Peeke is hit by Hampus Lindholm and loses puck.
12:49 of 3rd period - Darnell Nurse is hit by Vince Dunn and loses puck.
13:01 of 3rd period - Off-side.
13:02 of 3rd period - Anze Kopitar wins face-off versus Casey Cizikas in neutral zone.
13:15 of 3rd period - Snap shot by Travis Konecny.
13:15 of 3rd period - Shot Misses the Net.
13:17 of 3rd period - Minor Penalty to Philipp Kurashev for Hooking.
13:18 of 3rd period - Roope Hintz wins face-off versus Tim Stutzle in Colorado Rockies zone.
15:17 of 3rd period - Penalty to Philipp Kurashev is over, Philipp Kurashev is back on ice.
15:46 of 3rd period - Minor Penalty to Elias Pettersson for Interference.
15:47 of 3rd period - Roope Hintz wins face-off versus Casey Cizikas in Colorado Rockies zone.
15:54 of 3rd period - Slapshot by Roope Hintz.
15:54 of 3rd period - Shot Misses the Net.
15:56 of 3rd period - Snap shot by Roope Hintz.
15:56 of 3rd period - Stopped by Daniil Tarasov with a rebound.
15:58 of 3rd period - Slapshot by Ben Chiarot.
15:58 of 3rd period - Shot Misses the Net.
16:00 of 3rd period - Wrist shot by Travis Konecny.
16:00 of 3rd period - Goal by Travis Konecny - Tampa Bay Lightning : 3 - Colorado Rockies : 0.
16:01 of 3rd period - Tim Stutzle wins face-off versus Jamie Benn in neutral zone.
16:06 of 3rd period - Wrist shot by Tim Stutzle.
16:06 of 3rd period - Stopped by Darcy Kuemper without a rebound.
16:07 of 3rd period - Tim Stutzle wins face-off versus Jamie Benn in Tampa Bay Lightning zone.
16:08 of 3rd period - Snap shot by Kyle Connor.
16:08 of 3rd period - Stopped by Darcy Kuemper with a rebound.
16:10 of 3rd period - Snap shot by Pavel Dorofeyev.
16:10 of 3rd period - Stopped by Darcy Kuemper with a rebound.
16:12 of 3rd period - Snap shot by Pavel Dorofeyev.
16:12 of 3rd period - Deflect By Kyle Connor.
16:12 of 3rd period - Stopped by Darcy Kuemper with a rebound.
16:14 of 3rd period - Wrist shot by Pavel Dorofeyev.
16:14 of 3rd period - Deflect By Kyle Connor.
16:14 of 3rd period - Stopped by Darcy Kuemper with a rebound.
16:16 of 3rd period - Slapshot by Vince Dunn.
16:16 of 3rd period - Deflect By Pavel Dorofeyev.
16:16 of 3rd period - Shot Blocked by Michael Matheson.
16:16 of 3rd period - Puck is out of play.
16:17 of 3rd period - Casey Cizikas wins face-off versus Roope Hintz in Tampa Bay Lightning zone.
16:18 of 3rd period - Slapshot by Danton Heinen.
16:18 of 3rd period - Stopped by Darcy Kuemper without a rebound.
16:19 of 3rd period - Casey Cizikas wins face-off versus Roope Hintz in Tampa Bay Lightning zone.
16:46 of 3rd period - Off-side.
16:47 of 3rd period - Kirill Kaprizov wins face-off versus Elias Pettersson in neutral zone.
17:19 of 3rd period - Snap shot by Tim Stutzle.
17:19 of 3rd period - Stopped by Darcy Kuemper with a rebound.
17:21 of 3rd period - Wrist shot by Tim Stutzle.
17:21 of 3rd period - Shot Blocked by Darnell Nurse.
17:55 of 3rd period - Wrist shot by Justin Brazeau.
17:55 of 3rd period - Shot Misses the Net.
17:57 of 3rd period - Snap shot by Trevor Moore.
17:57 of 3rd period - Deflect By Jason Dickinson.
17:57 of 3rd period - Shot Blocked by Cam Fowler.
17:57 of 3rd period - Puck is out of play.
17:58 of 3rd period - Jason Dickinson wins face-off versus Kevin Hayes in Colorado Rockies zone.
18:03 of 3rd period - Snap shot by Justin Brazeau.
18:03 of 3rd period - Stopped by Daniil Tarasov with a rebound.
18:05 of 3rd period - Backhand shot by Hampus Lindholm.
18:05 of 3rd period - Stopped by Daniil Tarasov with a rebound.
18:07 of 3rd period - Slapshot by Justin Brazeau.
18:07 of 3rd period - Shot Misses the Net.
18:09 of 3rd period - Snap shot by Justin Brazeau.
18:09 of 3rd period - Shot Blocked by Martin Fehervary.
18:13 of 3rd period - Snap shot by Jason Dickinson.
18:13 of 3rd period - Stopped by Daniil Tarasov without a rebound.
18:14 of 3rd period - Anze Kopitar wins face-off versus Tim Stutzle in Colorado Rockies zone.
18:17 of 3rd period - Wrist shot by Jonathan Huberdeau.
18:17 of 3rd period - Shot Misses the Net.
18:19 of 3rd period - Wrist shot by Travis Konecny.
18:19 of 3rd period - Stopped by Daniil Tarasov with a rebound.
18:53 of 3rd period - Wrist shot by Tim Stutzle.
18:53 of 3rd period - Shot Blocked by Moritz Seider.
19:11 of 3rd period - Backhand shot by Kirill Kaprizov.
19:11 of 3rd period - Shot Misses the Net.
19:53 of 3rd period - Wrist shot by Jonathan Huberdeau.
19:53 of 3rd period - Stopped by Daniil Tarasov with a rebound.
Goals for this period are 1 for Tampa Bay Lightning vs 0 for Colorado Rockies.
Shots for this period are 9 for Tampa Bay Lightning vs 13 for Colorado Rockies.